 Dungeon Crawl Stone Soup version 0.29.0-11-gd7f09526c8 (webtiles) character file.

Game seed: 1888519241513216388

872 AttackTheMoon the Cudgeller (level 7, -3/71 HPs)
             Began as a Troll Monk on Sept 3, 2022.
             Slain by an ogre
             ... wielding a +0 giant spiked club
              (24 damage)
             ... on level 5 of the Dungeon.
             The game lasted 00:06:22 (3435 turns).

AttackTheMoon the Cudgeller (Troll Monk)            Turns: 3435, Time: 00:06:22

Health: -3/71      AC:  6    Str: 22    XL:     7   Next: 74%
Magic:  15/15      EV: 11    Int:  6    God:
Gold:   314        SH:  0    Dex: 12    Spells: 6/6 levels left

rFire   . . .      SeeInvis .   a - +1 mace (vamp)
rCold   + + .      Faith    .   (no shield)
rNeg    . . .      Spirit   .   m - +1 robe {rC+}
rPois   .          Reflect  .   (helmet restricted)
rElec   .          Harm     .   u - +0 cloak
rCorr   .          Rampage  .   (gloves unavailable)
Will    .....                   (boots unavailable)
Stlth   ++........              v - amulet of magic regeneration
HPRegen 1.01/turn               n - ring of protection from cold
MPRegen 0.54/turn               y - ring of magical power

@: no status effects
A: large, unfitting armour, claws 3, regeneration 1, shaggy fur 1, tough skin 1
a: no special abilities


You were on level 5 of the Dungeon.
You visited 1 branch of the dungeon, and saw 5 of its levels.

You collected 314 gold pieces.

Inventory:

Hand Weapons
 a - a +1 vampiric mace (weapon)
 e - the +5 hand axe "Hex Any" {venom, rElec rF+ rN+++ Str-3}
   (You found it on level 2 of the Dungeon)

   It poisons the flesh of those it strikes.
   Str:       It affects your strength (-3).
   rF:        It protects you from fire.
   rElec:     It insulates you from electricity.
   rN:        It renders you almost immune to negative energy.
 g - a +0 great sword
 s - a +0 giant spiked club
 t - a +2 quarterstaff of chaos
Missiles
 w - 3 large rocks (quivered)
Armour
 b - a +0 robe
 m - a +1 robe of cold resistance (worn)
 q - a +2 robe
 u - a +0 cloak (worn)
Jewellery
 n - a ring of protection from cold (left claw)
 v - an amulet of magic regeneration (around neck)
 y - a ring of magical power (right claw)
Wands
 p - a wand of flame (17)
Scrolls
 d - a scroll of enchant weapon
 f - 2 scrolls of fear
 i - 5 scrolls of teleportation
 k - a scroll of immolation
 r - 3 scrolls of identify
Potions
 c - a potion of ambrosia
 h - 2 potions of attraction
 j - a potion of might
 l - a potion of flight
 o - a potion of mutation


   Skills:
 + Level 4.3 Fighting
 + Level 4.8 Maces & Flails
 + Level 3.7 Throwing
 + Level 4.3 Dodging
 - Level 1.0 Stealth


You had 6 spell levels left.
You didn't know any spells.
Your spell library contained the following spells:

 Spells                   Type           Power      Damage    Failure   Level
 Gell's Gravitas          Tloc           0%         N/A       83%         3
 Ignite Poison            Fire/Tmut/Pois 0%         N/A       83%         3
 Lesser Beckoning         Tloc           0%         N/A       83%         3
 Mephitic Cloud           Conj/Pois/Air  0%         N/A       83%         3
 Teleport Other           Tloc           0%         N/A       83%         3
 Freezing Cloud           Conj/Ice/Air   0%         6-21      100%        5


Dungeon Overview and Level Annotations

Branches:
Dungeon (5/15)
 Temple: D:4-7

Altars:

Shops:
D:2 ([:


Innate Abilities, Weirdness & Mutations

You are too large for most types of armour.
You have claws for hands.
Your natural rate of healing is unusually fast.
You are covered in fur. (AC +1)
You have tough skin. (AC +1)


Message History

An ogre comes into view. It is wielding a +0 giant spiked club.
You closely miss the adder.
The ogre shouts!
The adder bites you but does no damage. The adder bites you.
You are poisoned.
The adder poisons you!
You hit the adder.
You feel better.
The adder is severely wounded.
You feel sick. The adder barely misses you.
You hit the adder.
You kill the adder!
You feel sick.
Found 16 gold pieces.
You feel sick.
The ogre hits you with a +0 giant spiked club!!
Things that are here:
a +0 giant club; an adder corpse You barely miss the ogre.
You feel sick. The ogre barely misses you.
You thump the ogre!
The ogre is moderately wounded.
You feel sick.
The ogre hits you with a +0 giant spiked club!!
* * * LOW HITPOINT WARNING * * *
You are too injured to fight recklessly!
You are too injured to fight recklessly!
You are too injured to fight recklessly!
You are too injured to fight recklessly!
You are too injured to fight recklessly!
You are too injured to fight recklessly!
You are too injured to fight recklessly!
You are too injured to fight recklessly!
You are too injured to fight recklessly!
You are too injured to fight recklessly!
You are too injured to fight recklessly!
You are too injured to fight recklessly!
You are too injured to fight recklessly!
You feel sick.
You are no longer poisoned.
Found a scroll of identify.
The ogre hits you with a +0 giant spiked club!!
You die...

... .$ #. ..# ... .?
.. #.#. #. ....... #.
.#(#.# #. ..... #.
##.#.# .
#.####)...#.#
#..@O.......#.
#############........
#.............####.##
#.######.......# #
#.# #.#####.#
#.#####.######.# .#
#..............# ..
#######.######## ##.
##.## .#


You could see an ogre.

Vanquished Creatures
  Sigmund (D:3)
  2 ogres
  A hound (D:4)
  2 jellies (D:2)
  Crazy Yiuf (D:3)
  An iguana (D:4)
  Terence (D:2)
  Jessica (D:3)
  5 orc wizards
  Robin (D:2)
  A gnoll (D:1)
  6 adders
  2 worms
  13 orcs
  20 endoplasms
  2 giant cockroaches
  15 goblins
  9 hobgoblins
  10 kobolds
  6 quokkas
  5 ball pythons
  7 bats
  3 frilled lizards
  4 rats
119 creatures vanquished.

Vanquished Creatures (others)
  A fungus (D:2)
  14 plants (D:4)
  12 toadstools (D:2)
  2 withered plants (D:1)
29 creatures vanquished.

Grand Total: 148 creatures vanquished

Notes
Turn   | Place    | Note
-------+----------+-------------------------------------------
     0 | D:1      | AttackTheMoon the Troll Monk began the quest for the Orb.
     0 | D:1      | Reached XP level 1. HP: 22/22 MP: 0/0
     2 | D:1      | Noticed a palentonga
     2 | D:1      | Noticed a formicid
     4 | D:1      | Noticed a demigod
     4 | D:1      | Noticed a felid
     6 | D:1      | Noticed an elf
     6 | D:1      | Noticed a demonspawn
     8 | D:1      | Noticed an ogre
     8 | D:1      | Noticed a troll
    10 | D:1      | Noticed a merfolk
    10 | D:1      | Noticed a vampire
    12 | D:1      | Noticed a ghoul
    12 | D:1      | Noticed a draconian
    14 | D:1      | Noticed a tengu
    16 | D:1      | Noticed a human
    16 | D:1      | Noticed a minotaur
    18 | D:1      | Noticed an octopode
    18 | D:1      | Noticed a gargoyle
    20 | D:1      | Noticed a naga
    20 | D:1      | Noticed a vine stalker
    22 | D:1      | Noticed a spriggan
    24 | D:1      | Noticed a demigod
    24 | D:1      | Noticed a meteoran
    26 | D:1      | Noticed an octopode
    26 | D:1      | Noticed a draconian
    46 | D:1      | Reached XP level 2. HP: 19/29 MP: 1/1
   208 | D:1      | Found a faded altar of an unknown god.
   237 | D:1      | Reached skill level 1 in Throwing
   333 | D:1      | Reached XP level 3. HP: 36/36 MP: 2/2
   682 | D:2      | Noticed Robin
   696 | D:2      | Killed Robin
   700 | D:2      | Reached XP level 4. HP: 32/44 MP: 3/3
   727 | D:2      | Found Diettesh's Armour Shoppe.
   785 | D:2      | Found Jufolu's Weapon Shoppe.
   928 | D:2      | Identified the +5 hand axe "Hex Any" {venom, rElec rF+
                  | rN+++ Str-3}
   993 | D:2      | Noticed Terence
  1008 | D:2      | Killed Terence
  1018 | D:2      | Found Wohygg's Book Shop.
  1220 | D:2      | Reached XP level 5. HP: 53/53 MP: 4/4
  1437 | D:3      | Noticed Sigmund
  1449 | D:3      | Killed Sigmund
  1450 | D:3      | Reached XP level 6. HP: 60/62 MP: 5/5
  1617 | D:3      | Noticed Jessica
  1621 | D:3      | Killed Jessica
  1781 | D:3      | Found a runed translucent door.
  1782 | D:3      | Noticed Crazy Yiuf
  1842 | D:3      | Reached XP level 7. HP: 26/68 MP: 6/6
  2260 | D:3      | Killed Crazy Yiuf
  3399 | D:5      | Entered Level 5 of the Dungeon
  3435 | D:5      | Slain by an ogre

Illustrated notes

Levels and vault maps discovered:
D:1:      kb_arrival_jail, layout_rooms, ebering_ecumenical_altar_petrified
D:2:      cheibrodos_fertilizer, layout_basic, serial_shops, nicolae_shop_trees,
          shop_coins, nicolae_shop_temple_entry_statues_fountains,
          minmay_stone_trees_medium, chequers_serial_rivers_room_a,
          uniq_terence, uniq_robin
D:3:      layout_loops_corners, minmay_statues_item, uniq_jessica, uniq_sigmund,
          uniq_crazy_yiuf_cottage
D:4:      wad_lake_hut, layout_basic, corexii_corridor_pit
D:5:      layout_loops_ring, serial_glass, glass_columns_a, glass_columns_b,
          glass_columns_a, glass_columns_a

Skill      XL: |  1  2  3  4  5  6  7 |
---------------+----------------------+-----
Maces & Flails | 3 4 |  4.8
Throwing       | 1 2 3 |  3.7
Dodging        | 3 4 |  4.3
Fighting       | 3 4 |  4.3
Stealth        | |  1.0

Action                   |  1- 3 |  4- 6 |  7- 9 || total
-------------------------+-------+-------+-------++-------
Melee: Mace              |   110 |   115 |   130 ||   355
       Punch             |       |       |     1 ||     1
Throw: Large rock        |       |       |     1 ||     1
  Use: Scroll            |     6 |     3 |     2 ||    11
 Stab: Sleeping          |     3 |     2 |     2 ||     7
Armor: Robe              |    56 |    35 |    63 ||   154
Dodge: Dodged            |    61 |    60 |    60 ||   181
